 Dungeon Crawl Stone Soup version 0.28.0-53-g5a82cb258f (webtiles) character file.

Game seed: 13933010599454481701

43 LFb77KmH the Sneak (level 3, 0/24 HPs)
             Began as a Human Enchanter on July 23, 2022.
             Slain by a jackal (2 damage)
             ... on level 2 of the Dungeon.
             The game lasted 00:33:34 (3677 turns).

LFb77KmH the Sneak (Human Enchanter)                Turns: 3677, Time: 00:33:35

Health: 0/24       AC:  2    Str:  8 (10) XL:     3   Next: 82%
Magic:  4/6        EV: 12    Int: 14 (15) God:
Gold:   141        SH:  0    Dex: 12 (13) Spells: 1/6 levels left

rFire   . . .      SeeInvis .   a - +1 dagger
rCold   . . .      Faith    .   (no shield)
rNeg    . . .      Spirit   .   b - +0 robe
rPois   .          Reflect  .   (no helmet)
rElec   .          Harm     .   (no cloak)
rCorr   .          Rampage  .   (no gloves)
Will    .....                   (no boots)
Stlth   ++........              (no amulet)
HPRegen 0.08/turn               (no ring)
MPRegen 0.10/turn               (no ring)

@: no status effects
A: no striking features
a: no special abilities


You were on level 2 of the Dungeon.
You visited 1 branch of the dungeon, and saw 3 of its levels.

You collected 141 gold pieces.

Inventory:

Hand Weapons
 a - a +1 dagger (weapon)
 c - a +0 short sword
 g - a +1 whip of venom
 j - a +0 spear
Missiles
 d - 22 stones (quivered)
 e - 12 sling bullets
Armour
 b - a +0 robe (worn)
 h - a +0 scale mail
 i - a +0 leather armour
Scrolls
 f - a scroll of enchant armour {unknown}
 k - a scroll of magic mapping {unknown}


   Skills:
 + Level 1.6 Short Blades
 + Level 2.2 Dodging
 + Level 3.6 Stealth
 + Level 2.1 Spellcasting
 + Level 3.4 Hexes


You had one spell level left.
You knew the following spells:

 Your Spells              Type           Power      Damage    Failure   Level
a - Ensorcelled Hibernat  Hex/Ice        12%        N/A       17%         2
b - Tukima's Dance        Hex            11%        N/A       17%         3

Your spell library contained the following spells:

 Spells                   Type           Power      Damage    Failure   Level
 Confusing Touch          Hex            11%        N/A       17%         3
 Dazzling Flash           Conj/Hex       12%        N/A       34%         3


Dungeon Overview and Level Annotations

Branches:
Dungeon (3/15)

Altars:


Message History

There is a stone staircase leading up here.
The jackal bites you.
* * * LOW HITPOINT WARNING * * *
You climb upwards.
There is a stone staircase leading down here.
You closely miss the jackal. The jackal closely misses you.
The jackal bites you but does no damage.
You hit the jackal.
The jackal is moderately wounded.
The jackal misses you.
You closely miss the jackal.
The jackal is moderately wounded.
The jackal bites you.
* * * LOW HITPOINT WARNING * * *
Casting: Ensorcelled Hibernation (safe; 17% risk of failure)
Confirm with . or Enter, or press ? or * to list all spells.
Aiming: Ensorcelled Hibernation (safe; 17% risk of failure)
Press: ? - help, Shift-Dir - straight line, f - jackal
Aim: a jackal (moderately wounded, chance to affect: 57%)
The jackal resists with significant effort.
The jackal bites you but does no damage.
The jackal misses you.
Press: ? - help, v - describe, . - travel The floor.
You hit the jackal.
The jackal is severely wounded.
The jackal misses you.
You hit the jackal.
The jackal is almost dead.
The jackal misses you.
You hit the jackal but do no damage.
The jackal is almost dead.
The jackal bites you.
* * * LOW HITPOINT WARNING * * *
You hit the jackal but do no damage.
The jackal is almost dead.
The jackal bites you.
* * * LOW HITPOINT WARNING * * *
The jackal bites you.
You die...

...#...........##
##.........#####
##........##
#....##.#.#
#.#.##....#
....##...## #####
...###..## #...#
...# #..# #####.h.#
.#####..###.....@.#
.# ##..###..#....##
.###...###.#...###
...#.#.#...#...#
.....#...##....#
.......####....#
###............#
###...รท.##.....#
........##.....#


You could see a jackal.

Vanquished Creatures
  An adder (D:1)
  A worm (D:2)
  A dart slug (D:1)
  4 endoplasms
  A giant cockroach (D:1)
  6 hobgoblins
  2 quokkas
  3 ball pythons
  4 bats
  3 kobolds
26 creatures vanquished.

Notes
Turn   | Place    | Note
-------+----------+-------------------------------------------
     0 | D:1      | LFb77KmH the Human Enchanter began the quest for the Orb.
     0 | D:1      | Reached XP level 1. HP: 13/13 MP: 3/3
   572 | D:1      | Reached XP level 2. HP: 19/19 MP: 5/5
   976 | D:1      | Found a faded altar of an unknown god.
  1419 | D:2      | Reached XP level 3. HP: 11/24 MP: 6/6
  1584 | D:2      | Learned a level 2 spell: Ensorcelled Hibernation
  1593 | D:2      | Noticed a black bear
  3246 | D:3      | Learned a level 3 spell: Tukima's Dance
  3628 | D:3      | Noticed a scorpion
  3677 | D:2      | Slain by a jackal

Illustrated notes

Levels and vault maps discovered:
D:1:      dpeg_arrival_round_a, layout_basic, dilly_ecumenical_altar_fadedgnrine
D:2:      layout_rooms, minmay_misc_feat_four_crosses
D:3:      minmay_thinvault, layout_basic, mainiacjoe_overflow_brackets,
          serial_shops, shop, uniq_terence, uniq_grinder, uniq_pargi

Action                   || total
-------------------------++-------
Melee: Dagger            ||   130
Throw: Stone             ||     3
 Cast: Ensorcelled Hiber ||    11
  Use: Potion            ||     3
       Scroll            ||     2
 Stab: Sleeping          ||     9
Armor: Robe              ||    33
Dodge: Dodged            ||    99
